 Dungeon Crawl Stone Soup version 0.32-a0-747-gc8563f6773 (webtiles) character file.

Game seed: 7228003614308761833

276308 ragingrage the Brawler (level 18, -2/204 HPs)
             Began as a Demigod Shapeshifter on Mar 17, 2024.
             Incinerated by a deep elf pyromancer (12 damage)
             ... with a pyre arrow
             ... on level 3 of the Elven Halls on Mar 18, 2024.
             The game lasted 01:15:52 (50514 turns).

ragingrage the Brawler (Demigod Shapeshifter)      Turns: 50514, Time: 01:15:52

Health: -2/204     AC: 31    Str: 31    XL:     18   Next: 86%
Magic:  30/30      EV: 33    Int: 12    God:
Gold:   1563       SH:  5    Dex: 21    Spells: 12/17 levels left

rFire   + .          .
                       - Unarmed
rCold   . . .        h - +0 buckler
rNeg    + . .        o - melded +0 plate armour
rPois   ∞            J - +2 helmet
rElec   +            A - +1 cloak of Starlight {*Dazzle EV+4 Stlth--}
rCorr   .            m - melded +2 pair of gloves {hurl}
SInv    .            U - melded +2 pair of boots
Will    ++...        X - amulet of regeneration Stlth
                     f - +5 ring of evasion
HPRegen 1.34/turn    G - ring of Caj Ofra {rPois rF+ Will+ MP+9}
MPRegen 0.22/turn

%: no passive effects
@: on fire, statue-form, glowing, very slow
A: slow and powerful, torment resistance 1, boosted hp, high MP 1, forlorn,
divine attributes
}: 2/15 runes: serpentine, barnacled
a: Begin Untransformation


You were on level 3 of the Elven Halls.
You were a living statue of rough stone.
You visited 6 branches of the dungeon, and saw 33 of its levels.
You also visited: Sewer, Ossuary and Bailey.

You collected 2962 gold pieces.
You spent 1399 gold pieces at shops.

Inventory:

Missiles
 a - 3 throwing nets
 s - 9 silver javelins
 w - 23 boomerangs (quivered)
 z - 9 javelins
Armour
 h - a +0 buckler (worn)
 m - a +2 pair of gloves of hurling (melded)
 o - a +0 plate armour (melded)
 A - the +1 cloak of Starlight (worn) {*Dazzle EV+4 Stlth--}
   (You found it on level 4 of the Shoals)

   *Dazzle:   It may blind those who miss an attack against the wearer in melee
   combat.
   EV+4:      It affects your evasion (+4).
   Stlth--:   It makes you much less stealthy.
 J - a +2 helmet (worn)
 U - a +2 pair of boots (melded)
Jewellery
 c - the ring "Dewuemug" {Fire rElec Will+}
   (You found it on level 3 of the Lair of Beasts)

   [ring of fire]

   Fire:      It enhances your fire magic.
   rF+:       It protects you from fire.
   rC-:       It makes you vulnerable to cold.
   rElec:     It insulates you from electricity.
   Will+:     It increases your willpower.
 f - a +5 ring of evasion (left fist)
 j - a ring of see invisible
 G - the ring of Caj Ofra (right fist) {rPois rF+ Will+ MP+9}
   (You acquired it on level 9 of the Dungeon)

   [ring of willpower]

   rF+:       It protects you from fire.
   rPois:     It protects you from poison.
   Will+:     It increases your willpower.
   MP+9:      It affects your magic capacity (+9).
 X - an amulet of regeneration (around neck)
Talismans
 q - a granite talisman (active)
 v - the serpent talisman of Hopscotch {+Blink Will+ Int+2 Stlth-}
   (You took it off Aizul on level 1 of the Snake Pit)

   [serpent talisman]

   Int+2:     It affects your intelligence (+2).
   Will+:     It increases your willpower.
   +Blink:    It lets you blink.
   Stlth-:    It makes you less stealthy.
 Y - a maw talisman
Wands
 e - a wand of polymorph (23)
 g - a wand of charming (26)
 x - a wand of mindburst (17)
 E - a wand of digging (10)
 M - a wand of iceblast (35)
 Z - a wand of light (1)
Scrolls
 k - 22 scrolls of teleportation
 p - 8 scrolls of noise
 t - 2 scrolls of blinking
 y - 9 scrolls of revelation
 C - 2 scrolls of summoning
 K - 3 scrolls of fear
 N - 2 scrolls of poison
 P - 6 scrolls of immolation
 Q - 2 scrolls of silence
 R - 2 scrolls of fog
 S - a scroll of vulnerability
Potions
 i - 5 potions of enlightenment
 l - a potion of invisibility
 n - 2 potions of heal wounds
 r - 3 potions of mutation
 u - 6 potions of cancellation
 B - 4 potions of haste
 D - 4 potions of resistance
 F - 3 potions of brilliance
 H - 3 potions of berserk rage
 I - 9 potions of attraction
 L - 5 potions of might
 T - 2 potions of magic
 V - 11 potions of curing
 W - a potion of ambrosia
Miscellaneous
 b - a phantom mirror (inert)
 d - a tin of tremorstones (inert)
 O - a phial of floods


   Skills:
 + Level 15.6 Fighting
 - Level 6.0 Throwing
 + Level 16.9 Dodging
 - Level 2.0 Stealth
 - Level 3.6 Shields
 - Level 17.0 Unarmed Combat
 - Level 8.0 Necromancy
 - Level 4.0 Translocations
 - Level 5.0 Evocations
 + Level 15.5 Shapeshifting


You had 12 spell levels left.
You knew the following spells:

 Your Spells              Type           Power      Damage    Failure   Level
a - Fugue of the Fallen   Necr           19%        N/A       4%          3
b - Blink                 Tloc           18%        N/A       11%         2

Your spell library contained the following spells:

 Spells                   Type           Power      Damage    Failure   Level
 Necrotise                Necr           76%        1d7       1%          1
 Vampiric Draining        Necr           19%        2d7       4%          3
 Kiss of Death            Conj/Necr      36%        2d8       8%          1
 Lesser Beckoning         Tloc           18%        N/A       11%         2
 Animate Dead             Necr           19%        N/A       14%         4
 Dispel Undead            Necr           19%        3d11      14%         4
 Momentum Strike          Conj/Tloc      8%         3d8       26%         2
 Freeze                   Ice            0%         1d3       36%         1
 Slow                     Hex            0%         N/A       36%         1
 Curse of Agony           Necr           19%        N/A       36%         5
 Volatile Blastmotes      Fire/Tloc      8%         2d10      45%         3
 Ensorcelled Hibernation  Hex/Ice        0%         N/A       50%         2
 Scorch                   Fire           0%         2d5       50%         2
 Anguish                  Hex/Necr       4%         N/A       58%         4
 Martyr's Knell           Necr/Summ      9%         N/A       58%         4
 Call Canine Familiar     Summ           0%         N/A       75%         3
 Confusing Touch          Hex            0%         N/A       75%         3
 Dazzling Flash           Conj/Hex       0%         N/A       75%         3
 Frozen Ramparts          Ice            0%         1d1       75%         3
 Hailstorm                Conj/Ice       0%         3d5       75%         3
 Ozocubu's Armour         Ice            0%         N/A       75%         3
 Passwall                 Erth           0%         N/A       75%         3
 Sigil of Binding         Hex            0%         N/A       75%         3
 Dimensional Bullseye     Hex/Tloc       2%         N/A       86%         4
 Cause Fear               Hex            0%         N/A       98%         4
 Flame Wave               Conj/Fire      0%         2d4       98%         4
 Leda's Liquefaction      Alch/Erth      0%         N/A       98%         4
 Olgreb's Toxic Radiance  Alch           0%         N/A       98%         4
 Petrify                  Alch/Erth      0%         N/A       98%         4
 Arcjolt                  Conj/Air       0%         1d10      100%        5
 Fireball                 Conj/Fire      0%         3d3       100%        5
 Irradiate                Conj/Alch      0%         3d11      100%        5
 Metabolic Englaciation   Hex/Ice        0%         N/A       100%        5
 Silence                  Hex/Air        0%         N/A       100%        5
 Bombard                  Conj/Erth      0%         9d1       100%        6
 Conjure Ball Lightning   Conj/Air       0%         3x3d6     100%        6
 Starburst                Conj/Fire      0%         6d3       100%        6
 Summon Cactus Giant      Summ           0%         N/A       100%        6
 Haunt                    Necr/Summ      4%         N/A       100%        7
 Ozocubu's Refrigeration  Ice            0%         4d7       100%        7
 Discord                  Hex            0%         N/A       100%        8
 Disjunction              Tloc           4%         N/A       100%        8
 Infestation              Necr           9%         N/A       100%        8
 Maxwell's Capacitive Co  Air            0%         ∞         100%        8
 Dragon's Call            Summ           0%         N/A       100%        9
 Sublimation of Blood     Necr           Unusable   N/A       N/A         2

Dungeon Overview and Level Annotations

Branches:
Dungeon (15/15)            Temple (0/1) D:7            Lair (5/5) D:11
 Shoals (4/4) Lair:3        Snake (4/4) Lair:2        Slime (0/5) Lair:4
    Orc (2/2) D:10            Elf (3/3) Orc:2        Vaults (0/5) D:13
 Depths (0/4) D:15          Sewer (visited)         Ossuary (visited)
 Bailey (visited)

Shops:
D:4 :   D:9 :?=(   D:10 *   Orc:2 [!(:   Elf:2 !=*[   Shoals:4 ((*

Portals:
Abyss: Lair:5
Trove: D:10 (give +6 demon whip)

Annotations:
D:15 1 runed translucent door
Snake:1 3 runed translucent doors, Dadun's ghost, adept GnCj
Elf:1 20 runed translucent doors
Elf:2 2 runed translucent doors


Innate Abilities, Weirdness & Mutations

You are a living statue of rough stone.
Your actions are slow, but your melee attacks are powerful.
You are resistant to unholy torment.
Your maximum health is increased.
Your equipment is partially melded.
You are immune to poison.
You have an increased reservoir of magic. (+10% MP)
You shall have no god before yourself.
Your divine heritage dramatically boosts your attributes as you level up.


Message History

You feel much better. The liquid fire burns you!
* * * LOW HITPOINT WARNING * * *
The deep elf pyromancer gestures at you while chanting.
The pyre arrow misses you.
The deep elf high priest hits you with the +13 sword of the Doom Knight!
* * * LOW HITPOINT WARNING * * *
You convulse.
* * * LOW HITPOINT WARNING * * *
The deep elf pyromancer points at you and mumbles some strange words.
The pyre arrow hits you.
You are even more covered in intense liquid fire!
The deep elf high priest completely misses you.
Okay, then.
You shake off some of the fire as you move.
The liquid fire burns you!
* * * LOW HITPOINT WARNING * * *
The deep elf pyromancer casts a spell at you.
The pyre arrow hits you.
You are even more covered in intense liquid fire!
The deep elf high priest attacks as it pursues you!
The deep elf high priest hits you with the +13 sword of the Doom Knight!!
* * * LOW HITPOINT WARNING * * *
You convulse.
* * * LOW HITPOINT WARNING * * *
Items here: ))) [ †.
You feel much better. The liquid fire burns you!
* * * LOW HITPOINT WARNING * * *
Your surroundings suddenly seem different.
You feel much better. The liquid fire burns you!
* * * LOW HITPOINT WARNING * * *
Unknown command.
You shake off some of the fire as you move.
The liquid fire burns you!
* * * LOW HITPOINT WARNING * * *
You shake off some of the fire as you move.
The liquid fire burns you!
You die...

##...## #.# **,, ##).##
#.# **, ##.### #.# **,
##.## #.# **,, #.##
###'### *,,, '##
##.....## *,,, .##
#...)...# ****
..#############.......#
*,,,
...'..........'.I.....#
*,,,
...############.......#
*,,, ...# #.......#
**,, ...# ##....?## **,
...# ####### ** ..## *
.## ## #


There were no monsters in sight!

Vanquished Creatures
  Vashnia (Snake:2)
  Saint Roka (Snake:3)
  Jorgrun (Snake:2)
  A deep elf blademaster (Elf:3)
  2 deep elf master archers (Elf:3)
  Frances (D:14)
  Polyphemus (Shoals:2)
  Agnes (D:15)
  Aizul (Snake:1)
  Kirke (Lair:3)
  Donald (Snake:2)
  5 nagarajas (Snake:4)
  Roxanne (Elf:3)
  3 deep elf elementalists
  4 deep elf sorcerers (Elf:3)
  A frost giant (Shoals:4)
  An orc warlord (Bailey)
  A stone giant (D:15)
  5 deep elf death magi
  3 deep elf demonologists
  Azrael (D:15)
  3 deep elf annihilators (Elf:3)
  A dire elephant (Lair:5)
  The ghost of Vadun the Cleaver, a journeyman MiBe of Trog (Lair:2)
  5 merfolk javelineers
  9 merfolk impalers
  7 vault guards
  A rakshasa (D:15)
  An ice dragon (Lair:3)
  3 salamander tyrants
  4 boulder beetles
  2 merfolk avatars (Shoals:1)
  An ogre mage (Orc:2)
  3 catoblepae
  6 anacondas
  8 hydras
  4 alligator snapping turtles
  3 merfolk aquamancers (Shoals:3)
  3 centaur warriors
  6 two-headed ogres
  9 dancing weapons
  A satyr (Shoals:2)
  11 death yaks
  15 naga warriors
  5 tengu warriors
  3 thrashing horrors (Lair:5)
  16 naga sharpshooters
  An occultist (Elf:3)
  8 shock serpents
  A fire crab (Lair:5)
  15 deep elf knights
  A fire crab (shapeshifter) (D:13)
  8 sea snakes
  4 skysharks
  9 salamander mystics
  A death drake (shapeshifter) (Elf:1)
  3 mana vipers
  An arcanist (Elf:3)
  7 deep elf archers
  7 naga ritualists
  3 lindwurms
  2 harpies (shapeshifter)
  8 thermic dynamos
  20 harpies
  24 deep elf zephyrmancers
  3 orc knights
  20 deep elf pyromancers
  9 orc sorcerers
  11 fauns
  A wolf spider zombie (D:12)
  16 salamanders
  16 manticores
  4 cyclopes
  A moth of wrath (shapeshifter) (Lair:5)
  2 guardian serpents
  35 black mambas
  9 merfolk sirens
  5 elephants (Lair:5)
  A black mamba (shapeshifter) (D:15)
  A guardian serpent (shapeshifter) (D:15)
  3 water nymphs
  20 naga magi
  A kobold blastminer (Orc:1)
  13 cane toads
  A gargoyle (D:12)
  4 unseen horror zombies (D:9)
  3 kobold demonologists (D:10)
  2 large abominations (Lair:5)
  2 unseen horrors
  3 rime drakes
  A yaktaur (D:15)
  An efreet (D:14)
  21 merfolk
  A tengu conjurer (D:13)
  13 komodo dragons
  8 trolls
  3 polar bears
  5 hornets
  3 wind drakes
  Prince Ribbit (D:6)
  27 blink frogs
  Grinder (D:3)
  A meliai zombie (D:12)
  A wolf spider simulacrum (D:14)
  2 raiju (Lair:5)
  13 dream sheep (Lair:5)
  4 snapping turtles
  13 slime creatures
  2 spriggans (Lair:5)
  6 wraiths
  75 yaks
  6 wyverns
  5 water elementals
  4 shadows (D:12)
  2 ynoxinuls (Lair:5)
  7 fire elementals
  2 yaks (shapeshifter)
  4 vampires (D:12)
  3 basilisks
  5 hogs
  3 steam dragons
  9 vampire mosquitoes
  Grum (D:9)
  A death yak simulacrum (Lair:3)
  3 wargs
  10 small abominations (Lair:5)
  4 chaos spawn (Lair:5)
  47 nagas
  A catoblepas simulacrum (Lair:3)
  A hell hound (D:15)
  13 water moccasins
  Pargi (Sewer)
  2 sky beasts
  5 black bears
  38 orc warriors
  7 ice beasts
  2 laughing skulls (D:13)
  9 ogres
  A hornet zombie (D:9)
  7 wolves
  4 boggarts
  The ghost of hgbash the Apothecary, an amateur CoAl (D:3)
  5 centaurs
  3 kobold brigands
  A weeping skull (D:9)
  12 bullfrogs
  A gnoll sergeant (D:10)
  A brain worm (Sewer)
  A skyshark simulacrum (Lair:3)
  5 earth elementals
  9 scorpions
  5 water moccasin zombies (Ossuary)
  5 wights (D:8)
  A wyvern zombie (D:9)
  A burial acolyte (Ossuary)
  14 killer bees
  A dream sheep simulacrum (Lair:3)
  3 electric eels
  10 howler monkeys
  A komodo dragon simulacrum (Lair:3)
  2 bombardier beetles
  7 crimson imps (D:11)
  9 centaur zombies
  A human zombie (D:9)
  5 jellies (Lair:4)
  6 hounds
  A sleepcap (D:6)
  A gnoll bouda (D:3)
  19 orc priests
  A spectral scorpion (Ossuary)
  4 iguanas
  Ijyb (D:3)
  A boggart zombie (D:12)
  41 orc wizards
  A polar bear simulacrum (Lair:3)
  2 crocodile zombies (Ossuary)
  2 mummies (Ossuary)
  2 howler monkey zombies (D:9)
  11 adders
  16 gnolls
  A shadow imp (D:11)
  16 white imps
  4 ufetubi
  3 adder zombies (Ossuary)
  2 dart slugs (D:2)
  94 orcs
  10 ball pythons
  7 bats
  8 endoplasms
  7 giant cockroaches
  8 gnoll zombies (Ossuary)
  17 goblins
  19 hobgoblins
  6 jackals
  4 quokkas
  5 frilled lizards
  A jackal zombie (Ossuary)
  24 kobolds
  4 orc zombies (Ossuary)
  3 rats
  A butterfly (D:9)
1343 creatures vanquished.

Vanquished Creatures (collateral kills)
  An orc warrior (Snake:3)
  An orc (Snake:3)
2 creatures vanquished.

Vanquished Creatures (others)
  A satyr (Shoals:2)
  An orc high priest (Elf:3)
  A deep elf pyromancer (Elf:3)
  A shadow (D:12)
  An orc wizard (Orc:2)
  3 orcs
8 creatures vanquished.

Grand Total: 1353 creatures vanquished

Notes
Turn   | Place    | Note
-------+----------+-------------------------------------------
     0 | D:1      | ragingrage the Demigod Shapeshifter began the quest for the
                  | Orb.
     0 | D:1      | Reached XP level 1. HP: 15/15 MP: 3/3
    78 | D:1      | Reached skill level 1 in Fighting
   167 | D:1      | Reached XP level 2. HP: 23/23 MP: 4/4
   340 | D:1      | Reached skill level 1 in Stealth
   687 | D:1      | Reached skill level 3 in Unarmed Combat
   871 | D:2      | Reached XP level 3. HP: 12/28 MP: 5/5
  1362 | D:2      | Reached XP level 4. HP: 36/36 MP: 6/6
  2192 | D:3      | Found a runed translucent door.
  2199 | D:3      | Noticed hgbash's ghost (amateur CoAl)
  2300 | D:3      | Noticed Ijyb
  2354 | D:3      | Killed Ijyb
  2475 | D:3      | Noticed Grinder
  2497 | D:3      | Killed Grinder
  2498 | D:3      | Reached skill level 4 in Unarmed Combat
  2498 | D:3      | Reached XP level 5. HP: 45/45 MP: 7/7
  2498 | D:3      | Reached XP level 6. HP: 51/51 MP: 8/8
  3070 | D:4      | Identified the +1 hand axe "Arcanum" {venom, rElec MP+9
                  | Str+2}
  3150 | D:4      | Found Radoruc's Self-Published Books.
  3610 | D:4      | Reached XP level 7. HP: 36/59 MP: 9/9
  3793 | D:5      | Entered Level 5 of the Dungeon
  3838 | D:5      | Reached skill level 5 in Unarmed Combat
  3983 | D:5      | Reached skill level 5 in Shapeshifting
  4017 | D:5      | Found a glowing drain.
  4054 | Sewer    | Entered a sewer
  4245 | Sewer    | Noticed Pargi
  4262 | Sewer    | Killed Pargi
  4263 | Sewer    | Reached skill level 6 in Unarmed Combat
  4593 | D:5      | Reached XP level 8. HP: 66/66 MP: 10/10
  5068 | D:6      | Noticed Prince Ribbit
  5075 | D:6      | Killed Prince Ribbit
  5076 | D:6      | Reached skill level 7 in Unarmed Combat
  5715 | D:6      | Reached skill level 8 in Unarmed Combat
  5733 | D:6      | Reached XP level 9. HP: 16/71 MP: 11/11
  6155 | D:6      | Reached skill level 9 in Unarmed Combat
  6370 | D:7      | Found a staircase to the Ecumenical Temple.
  6439 | D:7      | Found a sand-covered staircase.
  6448 | Ossuary  | Entered an ossuary
  6780 | D:7      | Found the +6 shillelagh "Devastator" {shatter}
  6923 | D:7      | Reached skill level 10 in Unarmed Combat
  7042 | D:7      | Reached XP level 10. HP: 76/78 MP: 13/13
  7094 | D:7      | Learned a level 3 spell: Fugue of the Fallen
  7125 | D:7      | Reached skill level 11 in Unarmed Combat
  7594 | D:8      | Paralysed by a hornet for 1 turns
  7598 | D:8      | Reached skill level 1 in Throwing
  7793 | D:8      | Found a flagged portal.
  7803 | Bailey   | Entered a bailey
  8328 | Bailey   | Noticed an orc knight
  8472 | Bailey   | Identified a scroll of acquirement
  8472 | Bailey   | Acquired a manual of Shapeshifting
  8481 | Bailey   | Killed an orc knight
  8482 | Bailey   | Reached skill level 5 in Dodging
  8497 | Bailey   | Reached skill level 5 in Fighting
  8720 | Bailey   | Noticed an orc warlord
  8736 | Bailey   | Killed an orc warlord
  8743 | Bailey   | Noticed an orc knight
  8849 | Bailey   | Killed an orc knight
  9200 | D:8      | Got the Directory of the Birds and the Blizzard
  9227 | D:8      | Noticed a two-headed ogre
  9233 | D:8      | Killed a two-headed ogre
  9234 | D:8      | Reached XP level 11. HP: 53/89 MP: 14/14
  9714 | D:9      | Noticed Grum
  9780 | D:9      | Killed Grum
  9781 | D:9      | Found Wehif's Magic Scroll Boutique.
 10091 | D:9      | Bought a scroll of immolation for 60 gold pieces
 10091 | D:9      | Bought a scroll of immolation for 60 gold pieces
 10093 | D:9      | Acquired the ring of Caj Ofra {rPois rF+ Will+ MP+9}
 10298 | D:9      | Found Hepaffao's Weapon Shoppe.
 10348 | D:9      | Found Xohetid's Jewellery Shop.
 10365 | D:9      | Found a runed translucent door.
 10367 | D:9      | Found a runed translucent door.
 10449 | D:9      | Reached skill level 12 in Unarmed Combat
 10654 | D:9      | Found Moac's Book Emporium.
 10820 | D:9      | Noticed a two-headed ogre
 10831 | D:9      | Killed a two-headed ogre
 11108 | D:9      | Reached skill level 10 in Shapeshifting
 11552 | D:10     | Entered Level 10 of the Dungeon
 11553 | D:10     | Found Xorof's Assorted Antiques.
 11562 | D:10     | Bought a scroll labelled LIORYTHROEKH for 25 gold pieces
 11562 | D:10     | Bought a pair of shimmering boots for 237 gold pieces
 11562 | D:10     | Identified the +0 pair of boots "Sobiuj" {rF+} (You bought
                  | it in a shop on level 10 of the Dungeon)
 11602 | D:10     | Noticed a sixfirhy
 11918 | D:10     | Noticed a two-headed ogre
 11926 | D:10     | Killed a two-headed ogre
 12062 | D:10     | Found a staircase to the Orcish Mines.
 12146 | D:10     | Noticed a two-headed ogre
 12151 | D:10     | Killed a two-headed ogre
 12460 | D:10     | Found a portal to a secret trove of treasure.
 12784 | Orc:1    | Entered Level 1 of the Orcish Mines
 13008 | Orc:2    | Entered Level 2 of the Orcish Mines
 13035 | Orc:1    | Reached XP level 12. HP: 44/101 MP: 15/15
 13877 | Orc:2    | Reached skill level 13 in Unarmed Combat
 13969 | Orc:2    | Found Qijioc's Book Emporium.
 13972 | Orc:2    | Found a staircase to the Elven Halls.
 14482 | Orc:1    | Reached skill level 1 in Evocations
 14745 | Orc:1    | Reached skill level 1 in Necromancy
 15370 | Orc:2    | Noticed an ogre mage
 15384 | Orc:2    | Killed an ogre mage
 15919 | D:9      | Bought a maw talisman for 480 gold pieces
 16077 | D:3      | Killed hgbash's ghost
 16434 | D:11     | Found a staircase to the Lair.
 16506 | D:11     | Identified the +6 dagger of Disarray {freeze, rPois rN++
                  | rCorr Str-2}
 17633 | D:12     | Reached XP level 13. HP: 101/111 MP: 16/16
 18291 | Lair:1   | Entered Level 1 of the Lair of Beasts
 18636 | Lair:1   | Reached skill level 5 in Necromancy
 19136 | Lair:2   | Reached skill level 14 in Unarmed Combat
 19264 | Lair:2   | Found a staircase to the Snake Pit.
 19282 | Lair:2   | Reached skill level 10 in Fighting
 19622 | Lair:2   | Found a frozen archway.
 20092 | Lair:3   | Found a runed translucent gate.
 20092 | Lair:3   | Found a runed translucent gate.
 20093 | Lair:3   | Found a runed translucent gate.
 20516 | Lair:3   | Found a staircase to the Shoals.
 20863 | Lair:3   | Noticed Vadun's ghost (journeyman MiBe)
 21039 | D:10     | Bought a pair of runed boots for 187 gold pieces
 21676 | Lair:4   | Found a staircase to the Slime Pits.
 21775 | Lair:4   | Reached XP level 14. HP: 113/121 MP: 17/17
 22606 | Lair:5   | Entered Level 5 of the Lair of Beasts
 22911 | Lair:5   | Reached skill level 5 in Throwing
 23593 | Lair:5   | Reached skill level 10 in Dodging
 24764 | Lair:5   | Found a one-way gate to the infinite horrors of the Abyss.
 24769 | Lair:5   | Identified the staff of Xem Wea {rC+ Int+2 Ice}
 25079 | D:13     | Reached XP level 15. HP: 100/128 MP: 18/18
 26109 | D:13     | Found a gate to the Vaults.
 26144 | D:12     | Reached skill level 5 in Evocations
 27011 | Orc:2    | Found Zolus's Distillery.
 27018 | Orc:2    | Bought a potion of haste for 170 gold pieces
 27185 | Orc:2    | Found Jonwel's Antique Weapon Boutique.
 27424 | Orc:2    | Found Lesh's Book Shop.
 27453 | Orc:2    | Found Diavith's Antique Armour Boutique.
 28108 | D:14     | Noticed Frances
 28118 | D:14     | Killed Frances
 28252 | D:15     | Entered Level 15 of the Dungeon
 28468 | D:15     | Noticed Azrael
 28486 | D:15     | Killed Azrael
 28760 | D:15     | Noticed Agnes
 28769 | D:15     | Killed Agnes
 28775 | D:15     | Found a runed translucent door.
 28775 | D:15     | Noticed a storm dragon
 28775 | D:15     | Noticed a storm dragon
 28777 | D:15     | Noticed a sphinx
 29370 | D:15     | Found a staircase to the Depths.
 29713 | Snake:1  | Entered Level 1 of the Snake Pit
 29731 | Snake:1  | Found a runed translucent gate.
 30358 | Snake:1  | Found a runed translucent gate.
 30358 | Snake:1  | Noticed Dadun's ghost (adept GnCj)
 30359 | Snake:1  | Found a runed translucent gate.
 30367 | Snake:1  | Identified the staff "Tormentor" {^Fragile rElec rPois SInv
                  | Air}
 30995 | Snake:1  | Reached skill level 1 in Shields
 31523 | Snake:1  | Identified the serpent talisman of Hopscotch {+Blink Will+
                  | Int+2 Stlth-}
 31523 | Snake:1  | Noticed Aizul
 31541 | Snake:1  | Killed Aizul
 31571 | Snake:1  | Identified the +3 ring mail of Oqaisa {rF- Str+8 SInv}
 31989 | Snake:1  | Learned a level 2 spell: Blink
 32290 | Snake:2  | Noticed Vashnia
 32328 | Snake:2  | Reached XP level 16. HP: 141/141 MP: 19/19
 32395 | Snake:2  | Reached skill level 1 in Translocations
 32750 | Snake:3  | Identified the ring "Uwalooso" {rN+ Str+3}
 33234 | Snake:3  | Noticed Saint Roka
 33273 | Snake:3  | Killed Saint Roka
 33529 | Snake:3  | Reached skill level 15 in Unarmed Combat
 33755 | Snake:4  | Entered Level 4 of the Snake Pit
 34836 | Snake:2  | Noticed Donald
 34849 | Snake:2  | Killed Donald
 34993 | Snake:2  | Noticed Jorgrun
 35007 | Snake:2  | Killed Jorgrun
 35008 | Snake:2  | Reached skill level 16 in Unarmed Combat
 37932 | Snake:2  | Killed Vashnia
 38532 | Shoals:1 | Entered Level 1 of the Shoals
 38532 | Shoals:1 | Noticed Kirke
 38554 | Shoals:1 | Reached XP level 17. HP: 149/149 MP: 20/20
 38560 | Lair:3   | Killed Kirke
 39358 | Shoals:1 | Reached skill level 17 in Unarmed Combat
 39503 | Shoals:1 | Identified the ring "Guetoiri" {Fly rPois rN+ Dex+2}
 40242 | Shoals:2 | Noticed Polyphemus
 40264 | Shoals:2 | Killed Polyphemus
 40680 | Shoals:2 | Reached skill level 15 in Dodging
 41958 | Shoals:4 | Entered Level 4 of the Shoals
 41959 | Shoals:4 | Found Aluxt's Antique Weapon Shop.
 42269 | Shoals:4 | Found the +1 cloak of Starlight {*Dazzle EV+4 Stlth--}
 42726 | Shoals:4 | Identified the +5 lajatang of Earthquakes {flame, *Slow
                  | MP+9 Int+4}
 42816 | Shoals:4 | Found Ucwah's Weapon Boutique.
 43083 | Shoals:4 | Got a barnacled rune of Zot
 43388 | Shoals:4 | Found Ceock's General Store.
 43662 | Shoals:4 | Found the +10 Black Knight's barding {ponderous, rPois rN+}
 44817 | Snake:4  | Reached XP level 18. HP: 156/160 MP: 21/21
 44847 | Snake:4  | Got a serpentine rune of Zot
 45449 | Lair:2   | Killed Vadun's ghost
 45708 | Lair:3   | Got the ring "Dewuemug" {Fire rElec Will+}
 45912 | Elf:1    | Entered Level 1 of the Elven Halls
 46160 | Elf:1    | Reached skill level 15 in Shapeshifting
 46556 | Elf:1    | Found a huge runed translucent gate.
 46556 | Elf:1    | Found a huge runed translucent gate.
 46563 | Elf:1    | Found a huge runed translucent gate.
 46563 | Elf:1    | Found a huge runed translucent gate.
 46564 | Elf:1    | Found a huge runed translucent gate.
 46564 | Elf:1    | Found a huge runed translucent gate.
 46564 | Elf:1    | Found a huge runed translucent gate.
 46564 | Elf:1    | Found a huge runed translucent gate.
 46564 | Elf:1    | Found a huge runed translucent gate.
 46564 | Elf:1    | Found a huge runed translucent gate.
 46564 | Elf:1    | Found a huge runed translucent gate.
 46570 | Elf:1    | Found a huge runed translucent gate.
 46570 | Elf:1    | Found a huge runed translucent gate.
 46570 | Elf:1    | Found a huge runed translucent gate.
 46570 | Elf:1    | Found a huge runed translucent gate.
 46570 | Elf:1    | Found a huge runed translucent gate.
 46571 | Elf:1    | Found a huge runed translucent gate.
 46571 | Elf:1    | Found a huge runed translucent gate.
 46571 | Elf:1    | Found a huge runed translucent gate.
 46571 | Elf:1    | Found a huge runed translucent gate.
 47561 | Elf:2    | Found Ynkyustro's Armour Emporium.
 48021 | Elf:2    | Found Vaujem's General Store.
 48021 | Elf:2    | Found Wigodduq's Jewellery Shoppe.
 48043 | Elf:1    | Reached skill level 15 in Fighting
 48224 | Elf:2    | Found Sestriuf's Distillery.
 48231 | Elf:2    | Bought 2 potions of heal wounds for 180 gold pieces
 48300 | Elf:2    | Found a runed translucent door.
 48335 | Elf:2    | Found a runed translucent door.
 48900 | Elf:3    | Entered Level 3 of the Elven Halls
 48930 | Elf:3    | Noticed Roxanne
 48944 | Elf:3    | Killed Roxanne
 50488 | Elf:3    | Identified the +5 dagger of the Silent Majority {flame,
                  | Int+3}
 50488 | Elf:3    | Identified the ring of the Leaf {Int+3 Dex+6 SInv}
 50510 | Elf:3    | HP: 9/204 [deep elf high priest/the +13 sword of the Doom
                  | Knight {doom -Cast ^Drain Will+} (22)]
 50510 | Elf:3    | HP: 4/204 [deep elf high priest/the +13 sword of the Doom
                  | Knight {doom -Cast ^Drain Will+} (5)]
 50514 | Elf:3    | Incinerated by a deep elf pyromancer

Illustrated notes

Levels and vault maps discovered:
D:1:      minmay_arrival_arboretum_small, layout_loops_cross
D:2:      layout_rooms, basic_altar, ebering_ecumenical_altar_mist,
          reono_crystal_passage
D:3:      layout_basic, grunt_temple_overflow_opulence,
          hellmonk_ghost_happy_afterlife, minmay_misc_feat_roman, uniq_grinder,
          uniq_ijyb
D:4:      layout_rooms, lemuel_doored_altar, nicolae_custom_books
D:5:      layout_rooms, lemuel_coloured_pillars_altar,
          mainiacjoe_overflow_24_doors, portal_sewer_entry_a,
          serial_corexii_hall, chequers_hall_statues_corner_a,
          chequers_hall_statues_corner_a, dreamdust_mushroom_princess
D:6:      layout_gridville, minmay_hedge_maze, uniq_prince_ribbit1
D:7:      nicolae_cairo_tiling, layout_cave_pools, minmay_temple_entry_grid,
          enter_ossuary_1, kennysheep_generic_room_11
D:8:      layout_basic, enter_bailey_2
D:9:      lemuel_insect_pit, layout_loops_ring,
          lemuel_mausoleum_altar_yredelemnul, nicolae_hepliaklqana_hazy_memory,
          serial_shops, nicolae_shop_bloodbath_and_beyond, shop,
          nicolae_shop_behind_doors, nicolae_book_shop_shelving, uniq_grum
D:10:     layout_roguey, grunt_qazlal_clouds, david_orc_3, serial_shops, shop,
          nicolae_trove_entry_crystal
D:11:     layout_irregular_city, erik_lair_orcish_takeover, minmay_nine_imps
D:12:     layout_loops_ring, serial_undead, serial_undead_e, serial_undead_d,
          serial_undead_f, serial_undead_d, serial_undead_f, serial_undead_d,
          kennysheep_dice
D:13:     layout_grid_maze, erik_vaults_2, nemelex_diamond_rough_becter
D:14:     layout_basic, fedhas_altar_3, serial_ice, serial_ice_f, serial_ice_h,
          serial_ice_l, serial_ice_g, chequers_serial_rivers_micro_c,
          uniq_frances
D:15:     grunt_enter_depths_snipers, layout_rooms, kennysheep_treasure_room,
          uniq_agnes, uniq_azrael
Lair:1:   layout_loops_ring, lemuel_fruit_fields
Lair:2:   layout_hall_layers, guppyfry_snake_entry_garden, basic_altar,
          portal_ice_cave_entry_imps
Lair:3:   layout_regular_city, minmay_shoals_entry_lonely_mermaid,
          gammafunk_ghost_icy
Lair:4:   layout_regular_city, nicolae_slime_entry_slimehenge, minivault_25,
          beast_lair_carwin_3
Lair:5:   hellmonk_lair_end_abyssal_woods, layout_layer_cave,
          minmay_shattered_shrine
Shoals:1: layout_shoals, uniq_kirke
Shoals:2: layout_shoals, uniq_polyphemus
Shoals:3: layout_shoals, nicolae_splish_splash
Shoals:4: shoals_end_grunt_ice, layout_shoals, serial_shops, shop,
          nicolae_shop_statue_plus, nicolae_shop_pleasant_corner_grove
Snake:1:  layout_gridlike, gammafunk_ghost_split, nicolae_snake_magic_snake_eye,
          uniq_aizul
Snake:2:  layout_rooms, serial_bayou_shore_b, nicolae_triple_integral,
          uniq_jorgrun, uniq_donald, uniq_vashnia
Snake:3:  layout_gridlike, uniq_saint_roka
Snake:4:  johnstein_snake_rune_scales, layout_cave_town,
          nicolae_snake_gridmaze_entwining, nicolae_snake_gridmaze_spiral,
          drop_trap
Orc:1:    layout_caves, basic_altar
Orc:2:    kennysheep_orc_mage_school, layout_diamond_mine, serial_shops, shop
Elf:1:    eino_elf_arrival_customs, layout_onion_city, hangedman_elf_represent
Elf:2:    elven_hall_of_blades_hangedman_original
          [nicolae_blade_entry_splitting_headache], layout_geoelf_diagonals,
          minmay_shoptagon
Elf:3:    elf_hall, layout_geoelf_diagonals, hangedman_elf_disciples,
          uniq_roxanne

Skill      XL: |  1  2  3  4  5  6  7  8  9 10 11 12 13 14 15 16 17 18 |
---------------+-------------------------------------------------------+-----
Fighting       | 1 2 3 4 5 8 9 10 12 13 14 15 | 15.6
Stealth        | 1 2 |  2.0
Unarmed Combat | 3 4 6 8 10 11 12 13 14 16 17 | 17.0
Shapeshifting  | 3 4 5 6 7 8 11 12 14 15 | 15.5
Dodging        | 4 5 6 7 10 12 13 15 16 | 16.9
Throwing       | 1 3 6 |  6.0
Evocations     | 2 4 5 |  5.0
Necromancy     | 4 7 8 |  8.0
Shields        | 2 3 |  3.6
Translocations | 3 4 |  4.0

Action                     |  1- 3 |  4- 6 |  7- 9 | 10-12 | 13-15 | 16-18 || total
---------------------------+-------+-------+-------+-------+-------+-------++-------
  Melee: Unarmed           |   104 |   144 |   407 |  1031 |  1047 |  1297 ||  4030
         Punch             |     2 |     2 |       |       |       |       ||     4
         Maw               |       |       |       |    54 |   472 |   302 ||   828
         Constrict         |       |       |       |       |       |    95 ||    95
   Fire: Sling             |    17 |    10 |       |       |       |       ||    27
  Throw: Javelin           |       |     3 |     5 |       |     1 |       ||     9
         Boomerang         |       |       |       |       |       |    30 ||    30
         Throwing net      |       |       |       |       |       |     3 ||     3
   Cast: Fugue of the Fall |       |       |       |       |    42 |    34 ||    76
  Evoke: Wand              |       |     3 |       |       |     8 |    11 ||    22
         Phantom mirror    |       |       |       |       |     1 |     4 ||     5
         Phial of floods   |       |       |       |       |     1 |     1 ||     2
         Tin of tremorston |       |       |       |       |       |     5 ||     5
    Use: Potion            |     1 |     1 |     5 |     4 |       |     6 ||    17
         Scroll            |       |       |     8 |    12 |     5 |    15 ||    40
   Stab: Sleeping          |     3 |       |       |       |     1 |     2 ||     6
         Distracted        |       |       |       |       |     2 |     1 ||     3
         Invisible         |       |       |       |       |     1 |     9 ||    10
 Armour: Animal skin       |    62 |       |       |       |       |       ||    62
         Plate armour      |     9 |   144 |   199 |       |       |       ||   352
         Skin              |       |     3 |    70 |   503 |   684 |   832 ||  2092
  Dodge: Dodged            |    73 |    30 |   145 |   742 |   589 |  1014 ||  2593
  Block: Other             |       |       |       |    87 |       |       ||    87
         Buckler           |       |       |       |       |    21 |   167 ||   188
         Form:             |       |       |     1 |       |       |     3 ||     4
         Flux              |       |       |     1 |       |       |       ||     1
         Maw               |       |       |       |     1 |       |     2 ||     3
         Serpent           |       |       |       |       |       |     4 ||     4
         Statue            |       |       |       |       |       |     2 ||     2

Table legend: (Time is in decaauts)
 A = Elapsed time spent in this place.
 B = Non-inter-level travel time spent in this place.
 C = Inter-level travel time spent in this place.
 D = Time resting spent in this place.
 E = Time spent auto-exploring this place.
 F = Levels seen in this place.
 G = Mean time per level.
                   A        B        C        D        E       F      G
               +--------+--------+--------+--------+--------+-----+--------+
         Total |  50411 |  45718 |   4693 |  12610 |  22978 |  36 | 1400.3 |
       Dungeon |  17662 |  15779 |   1883 |   2894 |   9700 |  15 | 1177.5 |
          Lair |   7596 |   6211 |   1385 |    912 |   3804 |   5 | 1519.2 |
        Shoals |   4876 |   4556 |    320 |    865 |   2769 |   4 | 1219.0 |
     Snake Pit |   9208 |   8532 |    676 |   3442 |   3147 |   4 | 2302.0 |
  Orcish Mines |   3953 |   3678 |    275 |   2093 |    816 |   2 | 1976.5 |
   Elven Halls |   5230 |   5078 |    152 |   1784 |   2214 |   3 | 1743.3 |
         Sewer |    451 |    451 |      0 |    254 |    115 |   1 |  451.0 |
       Ossuary |    265 |    265 |      0 |     28 |    110 |   1 |  265.0 |
        Bailey |   1166 |   1166 |      0 |    336 |    302 |   1 | 1166.0 |
               +--------+--------+--------+--------+--------+-----+--------+

Top non-repeatable levels by time:
 Snake:4: 2612 daAuts
 Snake:1: 2385 daAuts
   Elf:3: 2318 daAuts
  Lair:5: 2213 daAuts
 Snake:3: 2213 daAuts
   Orc:2: 2108 daAuts
   Elf:1: 2032 daAuts
 Snake:2: 1998 daAuts
     D:9: 1879 daAuts
   Orc:1: 1844 daAuts
  Lair:3: 1657 daAuts
    D:13: 1582 daAuts
    D:10: 1563 daAuts
  Lair:4: 1483 daAuts
    D:15: 1424 daAuts
